[Event "Paul Keres Memorial Festival 2022"]
[Site "Pärnu, Estonia Resort Hotel & Spa"]
[Date "2022.07.21"]
[Round "6.4"]
[White "Olde, Karl Erik"]
[Black "Chukavin, Kirill"]
[Result "1/2-1/2"]
[TimeControl "60 min for 30 moves + 30 min until game end, from first move every move 30 sec time increment"]
[BlackTitle "FM"]
[WhiteFideId "4505760"]
[BlackFideId "4503023"]
[WhiteElo "1842"]
[BlackElo "2418"]

1. d4 Nf6 2. c4 e6 3. Nf3 d5 4. e3 c5 5. Nc3 a6 6. cxd5 exd5 7. dxc5 Bxc5 8. a3 O-O 9. b4 Ba7 10.
Be2 Nc6 11. O-O Bg4 12. Bb2 Rc8 13. b5 axb5 14. Nxb5 Bb8 15. Nfd4 Ne5 16. Bxg4 Nexg4 17. h3 Ne5 18. Rc1 Nc4 19.
Bc3 Ne4 20. Bb4 Re8 21. Qg4 g6 22. Rc2 h5 23. Qe2 Qf6 24. Rd1 Kh7 25. Nc3 Nxc3 26. Rxc3 Nb6 27. Qb5 Red8 28. Rxc8 Rxc8 29.
Nf3 Qc6 30. Nd4 Qc7 31. g3 h4 32. Ne2 hxg3 33. fxg3 Qc6 34. Qd3 Re8 35. Rf1 Kg8 36. Bc3 Qc4 37. Rd1 Qxd3 38. Rxd3 Nc4 39.
Kf2 Ba7 40. Bd4 Bxd4 41. Nxd4 Nd6 42. Nc2 Ne4+ 43. Kf3 Re5 44. g4 Ng5+ 45. Kg3 Ne4+ 46. Kf3 Ng5+ 47. Kg3 Ne4+ 48. Kf3 Ng5+ 49.
Ke4 1/2-1/2

[Event "Paul Keres Memorial Festival 2022"]
[Site "Pärnu, Estonia Resort Hotel & Spa"]
[Date "2022.07.21"]
[Round "6.5"]
[White "Hannson, Markus"]
[Black "Smirnov, Artem"]
[Result "0-1"]
[TimeControl "60 min for 30 moves + 30 min until game end, from first move every move 30 sec time increment"]
[BlackTitle "IM"]
[WhiteFideId "4505620"]
[BlackFideId "4143256"]
[WhiteElo "1745"]
[BlackElo "2419"]

1. c4 e5 2. Nc3 d6 3. g3 Be7 4. Bg2 f5 5. e3 Nf6 6. Nge2 c6 7. d4 O-O 8. O-O Na6 9. b3 e4 10.
a3 d5 11. f3 Nc7 12. c5 exf3 13. Bxf3 Ne6 14. Bd2 Ng5 15. Bg2 Qe8 16. Nf4 Bd8 17. Nd3 Bc7 18. b4 Ng4 19. Qe1 Bd7 20.
Nf4 Ne4 21. Nxe4 fxe4 22. b5 g5 23. bxc6 bxc6 24. Ne2 Qh5 25. h3 Nh6 26. Kh2 Rxf1 27. Qxf1 Rf8 28. Qe1 Bxh3 29. Bxh3 g4 30. Nf4 Bxf4 31.
exf4 Qxh3+ 32. Kg1 Nf5 33. Qf2 Rb8 34. Be3 Nxe3 0-1

[Event "Paul Keres Memorial Festival 2022"]
[Site "Pärnu, Estonia Resort Hotel & Spa"]
[Date "2022.07.21"]
[Round "6.6"]
[White "Valdats, Reinis"]
[Black "Andrijashkin, Deniss"]
[Result "0-1"]
[TimeControl "60 min for 30 moves + 30 min until game end, from first move every move 30 sec time increment"]
[WhiteFideId "11617578"]
[BlackFideId "4504631"]
[WhiteElo "1514"]
[BlackElo "2006"]

1. e4 g6 2. d4 Bg7 3. Nf3 d6 4.
Bd3 Nd7 5. c4 e5 6. d5 Ngf6 7. Nc3 O-O 8. O-O h6 9. h3 Ne8 10. Qc2 Nc5 11. Be2 a5 12. Be3 Bd7 13. b3 f5 14.
Nd2 f4 15. Bxc5 dxc5 16. Qd1 h5 17. a3 Qe7 18. Rb1 Nf6 19. Rb2 Ra6 20. Nb5 Bc8 21. Bf3 g5 22. Be2 g4 23. h4 Nh7 24.
g3 Rg6 25. Rb1 Bf6 26. Re1 f3 27. Bd3 Bxh4 28. gxh4 Qxh4 29. Nf1 Qh3 30. Ne3 g3 0-1

[Event "Paul Keres Memorial Festival 2022"]
[Site "Pärnu, Estonia Resort Hotel & Spa"]
[Date "2022.07.21"]
[Round "6.7"]
[White "Medar, Marti"]
[Black "Paikens, Reinis"]
[Result "0-1"]
[TimeControl "60 min for 30 moves + 30 min until game end, from first move every move 30 sec time increment"]
[WhiteFideId "4501870"]
[BlackFideId "11624078"]
[WhiteElo "2066"]
[BlackElo "1567"]

1. d4 d5 2. c4 c6 3. Nf3 Nf6 4. Qc2 g6 5. Nc3 Bg7 6. Bg5 O-O 7. e3 dxc4 8. Bxc4 Bf5 9. e4 Bg4 10.
Be3 Nbd7 11. Ne5 Nxe5 12. dxe5 Nd7 13. f4 b5 14. Bb3 Nb6 15. h3 Bc8 16. Rd1 Qe8 17. O-O Bb7 18. Qf2 Nc8 19.
Bc5 Kh8 20. Qd4 Nb6 21. Bxb6 axb6 22. Qxb6 Ba6 23. Rf3 Rg8 24. e6 f5 25. Bc2 Qb8 26. Qxb8 Rgxb8 27. b4 Bb7 28. Bb3 fxe4 29.
Re3 Rd8 30. Kh2 Bd4 31. Rg3 e3 32. Ne2 Bb6 33. Re1 Rd2 34. Rg5 Kg7 35. Re5 Rb2 36. Kg3 c5 37. bxc5 Ba5 38. Rd1 Rxe2 39.
Rd7 Rxg2+ 40. Kh4 Be1# 0-1

[Event "Paul Keres Memorial Festival 2022"]
[Site "Pärnu, Estonia Resort Hotel & Spa"]
[Date "2022.07.21"]
[Round "6.8"]
[White "Dzjuba, Jegor"]
[Black "Olde, Grete"]
[Result "1/2-1/2"]
[TimeControl "60 min for 30 moves + 30 min until game end, from first move every move 30 sec time increment"]
[BlackTitle "WCM"]
[WhiteFideId "4516710"]
[BlackFideId "4503104"]
[WhiteElo "1495"]
[BlackElo "1904"]

1. e4 e5 2. Nf3 Nc6 3. Bc4 Bc5 4. d3 Nf6 5. O-O d6 6. c3 h6 7. a4 a6 8. Be3 Ba7 9. Nbd2 O-O 10.
h3 Ne7 11. Bxa7 Rxa7 12. d4 Ng6 13. Kh2 Qe7 14. Qe2 b6 15. Qe3 Bb7 16. dxe5 dxe5 17. a5 Qd6 18. Bd3 Nh5 19. Nc4 Qe7 20.
axb6 cxb6 21. Qxb6 Bc8 22. Qd6 Qe8 23. Ncxe5 Ngf4 24. Bc4 Kh8 25. Rfe1 f6 26. Nc6 Rd7 27. Qc5 Rc7 28. Nfd4 Bb7 29.
Bd5 Nd3 30. Qb6 Bxc6 31. Nxc6 Rxc6 32. Qxc6 Qe5+ 33. Kg1 Nxe1 34. Rxe1 Nf4 35. Re3 Qg5 36. g3 Nxh3+ 37. Kg2 Nf4+ 38.
Kf1 Ng6 39. Qxa6 f5 40. Qd6 fxe4 41. Bxe4 Rf6 42. Bxg6 Rxg6 43. Re8+ Kh7 44. Qd8 Qb5+ 45. Kg2 Qb7+ 46. Kh2 Rf6 47.
Rh8+ Kg6 48. Qe8+ Kg5 49. Qe3+ Kg6 50. Qe8+ Kg5 51. Qe5+ Kg6 52. Qe8+ Kg5 53. Qe3+ Kg6 54. Qe8+ 1/2-1/2

[Event "Paul Keres Memorial Festival 2022"]
[Site "Pärnu, Estonia Resort Hotel & Spa"]
[Date "2022.07.21"]
[Round "7.1"]
[White "Kantans, Toms"]
[Black "Sulskis, Sarunas"]
[Result "1/2-1/2"]
[TimeControl "60 min for 30 moves + 30 min until game end, from first move every move 30 sec time increment"]
[WhiteTitle "GM"]
[BlackTitle "GM"]
[WhiteFideId "11602945"]
[BlackFideId "12800112"]
[WhiteElo "2486"]
[BlackElo "2481"]

1. e4 e5 2. Nf3 Nc6 3. Bb5 a6 4. Ba4 Nf6 5. O-O b5 6. Bb3 Bc5 7. a4 Rb8 8. axb5 axb5 9. Nxe5 Nxe5 10.
d4 Bxd4 11. Qxd4 d6 12. f4 Nc6 13. Qc3 Bb7 14. e5 Ne4 15. Qe3 d5 16. Nc3 O-O 17. Nxd5 Ne7 18. Nxe7+ Qxe7 19. c3 Kh8 20.
Ra7 Bc6 21. Re1 f5 22. exf6 Qxf6 23. Rxc7 Rbe8 24. Qd4 Nxc3 25. Qd2 Ne4 26. Qb4 Ba8 27. Be3 Nd6 28. Qd2 Nf5 29. Bc5 Rxe1+ 30. Qxe1 Qxb2 31. Qf2 Qxb3 32. Bxf8 Qd1+ 33. Qf1 Qd4+ 34. Kh1 Bxg2+ 35. Qxg2 Qa1+ 36. Qg1 Qa8+ 37. Qg2 Qa1+ 38. Qg1 Qa8+ 1/2-1/2

[Event "Paul Keres Memorial Festival 2022"]
[Site "Pärnu, Estonia Resort Hotel & Spa"]
[Date "2022.07.21"]
[Round "7.2"]
[White "Andrijashkin, Deniss"]
[Black "Maiorov, Nikita"]
[Result "0-1"]
[TimeControl "60 min for 30 moves + 30 min until game end, from first move every move 30 sec time increment"]
[BlackTitle "GM"]
[WhiteFideId "4504631"]
[BlackFideId "13501720"]
[WhiteElo "2006"]
[BlackElo "2474"]

1. c4 Nf6 2. Nf3 e6 3. g3 d5 4. Bg2 c5 5. O-O Nc6 6. d4 Be7 7. Nc3 O-O 8. cxd5 exd5 9. Bf4 Bg4 10.
dxc5 Bxc5 11. Rc1 Be7 12. Nd4 Qd7 13. Qd3 Rac8 14. Rfd1 Rfe8 15. Nb3 Bb4 16. Nxd5 Nxd5 17. Qxd5 Qxd5 18.
Rxd5 Rxe2 19. Rb5 Nd4 20. Rxc8+ Bxc8 21. Re5 Bd6 22. Re4 Rxe4 23. Bxe4 Ne2+ 0-1

[Event "Paul Keres Memorial Festival 2022"]
[Site "Pärnu, Estonia Resort Hotel & Spa"]
[Date "2022.07.21"]
[Round "7.3"]
[White "Smirnov, Artem"]
[Black "Olde, Karl Erik"]
[Result "1-0"]
[TimeControl "60 min for 30 moves + 30 min until game end, from first move every move 30 sec time increment"]
[WhiteTitle "IM"]
[WhiteFideId "4143256"]
[BlackFideId "4505760"]
[WhiteElo "2419"]
[BlackElo "1842"]

1. d4 d5 2. c4 e6 3. Nc3 Nf6 4. cxd5 exd5 5. Bg5 Be7 6. e3 O-O 7. Bd3 c6 8. Qc2 Nbd7 9. Nf3 Re8 10.
O-O h6 11. Bf4 Nf8 12. h3 Bd6 13. Ne5 Be6 14. Bg3 Nh5 15. Bh2 g6 16. f4 Ng7 17. g4 f5 18. Qg2 Qc8 19. Rac1 Bxe5 20.
fxe5 Qd7 21. Be2 Nh7 22. Rf2 Rf8 23. Rcf1 Rf7 24. Bf4 g5 25. Bh2 Nf8 26. h4 Nh7 27. hxg5 Nxg5 28. Bf4 fxg4 29.
Bxg5 Rxf2 30. Qxf2 hxg5 31. Qf6 Qd8 32. Qh6 Qd7 33. Bd3 Bf5 34. Bxf5 Nxf5 35. Qxg5+ Ng7 36. Rf6 Rf8 37. Ne2 c5 38.
Ng3 cxd4 39. Nf5 d3 40. Nh6+ Kh8 41. Rxf8+ Kh7 42. Nxg4 1-0

[Event "Paul Keres Memorial Festival 2022"]
[Site "Pärnu, Estonia Resort Hotel & Spa"]
[Date "2022.07.21"]
[Round "7.4"]
[White "Olde, Margareth"]
[Black "Protassov, Vlad"]
[Result "0-1"]
[TimeControl "60 min for 30 moves + 30 min until game end, from first move every move 30 sec time increment"]
[WhiteTitle "WIM"]
[WhiteFideId "4503082"]
[BlackFideId "4507010"]
[WhiteElo "2235"]
[BlackElo "1824"]

1. d4 Nf6 2. c4 e6 3. Nf3 d5 4. g3 dxc4 5. Bg2 Bb4+ 6. Bd2 a5 7. O-O Bxd2 8. Nbxd2 b5 9. a4 c6 10.
Ne5 Nd5 11. Ne4 O-O 12. b3 f5 13. Nc5 Nc3 14. Qd2 Qxd4 15. Qxd4 Nxe2+ 16. Kh1 Nxd4 17. bxc4 bxc4 18. Nxc4 Na6 19.
Nb6 Nxc5 20. Nxa8 Ba6 21. Rfd1 Ndb3 22. Nc7 Nxa1 23. Rxa1 Rc8 24. Rc1 Nd3 25. Rxc6 Bb7 26. Rd6 Rxc7 27.
Bxb7 Nxf2+ 28. Kg2 Rxb7 29. Kxf2 Rb4 30. Rxe6 Rxa4 31. Re5 g6 32. Re7 Ra2+ 33. Kf3 Rxh2 34. Ra7 h6 35. Rxa5 Kf7 36.
Ra6 Rd2 37. Ra7+ Kf6 38. Ra6+ Kg5 39. Ra4 Rd3+ 40. Kf2 Rd5 41. Kf3 Re5 42. Ra1 Re4 43. Ra6 h5 44. Rb6 h4 45. gxh4+ Rxh4 46.
Kg3 Rd4 47. Rb3 Rd5 48. Rf3 f4+ 49. Kh3 Kf5 50. Ra3 g5 51. Ra8 Rd3+ 52. Kg2 Rd2+ 53. Kf1 Kg4 54. Ra5 Kf3 55. Ke1 Re2+ 56.
Kf1 g4 57. Ra4 Re3 58. Ra2 g3 59. Rf2+ Kg4 60. Ra2 Re4 61. Ra8 f3 62. Rg8+ Kf4 63. Rf8+ Ke3 64. Kg1 Ke2 65. Rf7 Rc4 66.
Re7+ Kd3 67. Rd7+ Ke4 68. Re7+ Kf4 69. Rf7+ Kg4 70. Rg7+ Kh3 71. Rh7+ Rh4 72. Rg7 Rh5 73. Rg8 Rd5 74.
Rh8+ Kg4 75. Rg8+ Kf4 76. Rf8+ Ke4 77. Re8+ Re5 78. Rg8 Kf4 79. Rf8+ Ke3 80. Kf1 g2+ 81. Kg1 Ke2 82. Rf7 Re4 83.
Rf8 Ke3 84. Rf7 Rd4 85. Re7+ Kf4 86. Rf7+ Kg4 87. Rg7+ Kh5 88. Kf2 Rd1 0-1

[Event "Paul Keres Memorial Festival 2022"]
[Site "Pärnu, Estonia Resort Hotel & Spa"]
[Date "2022.07.21"]
[Round "7.5"]
[White "Chukavin, Kirill"]
[Black "Agrest, Simon"]
[Result "1-0"]
[TimeControl "60 min for 30 moves + 30 min until game end, from first move every move 30 sec time increment"]
[WhiteTitle "FM"]
[WhiteFideId "4503023"]
[WhiteElo "2418"]
[BlackElo "1802"]

1. e4 e5 2. Nf3 Nc6 3. Nc3 Nf6 4. Be2 Bc5 5. Nxe5 Nxe5 6. d4 Bd6 7. dxe5 Bxe5 8. Nb5 d5 9. f4 Nxe4 10.
fxe5 Qh4+ 11. g3 Nxg3 12. Nxc7+ Kf8 13. Bg5 Qxg5 14. Rg1 Qxe5 15. Nxa8 Ne4 16. c3 Qxh2 17. Qd4 Be6 18. Nc7 Qxc7 19.
Qxg7+ Ke7 20. Qxh8 Qb6 21. Qd4 Qxb2 22. Qb4+ Qxb4 23. cxb4 1-0

[Event "Paul Keres Memorial Festival 2022"]
[Site "Pärnu, Estonia Resort Hotel & Spa"]
[Date "2022.07.21"]
[Round "7.6"]
[White "Rondo, Mikko"]
[Black "Raag, Ardi"]
[Result "1/2-1/2"]
[TimeControl "60 min for 30 moves + 30 min until game end, from first move every move 30 sec time increment"]
[WhiteFideId "4509633"]
[BlackFideId "4509269"]
[WhiteElo "1579"]
[BlackElo "1971"]

1. e4 e5 2. Nf3 Nc6 3. Nc3 Nf6 4. Bc4 Be7 5. a3 O-O 6. d3 d6 7. h3 Be6 8. Bg5 Bxc4 9. Bxf6 Be6 10.
Bxe7 Qxe7 11. O-O f5 12. Nd5 Qd7 13. Ng5 Bxd5 14. exd5 Ne7 15. c4 c6 16. dxc6 bxc6 17. Nf3 e4 18.
Nd4 d5 19. cxd5 cxd5 20. dxe4 fxe4 21. Qd2 Ng6 22. f3 Rad8 23. Rae1 Rfe8 24. Nc2 Qc7 25. Qc3 Qb6+ 26. Qd4 Rc8 27.
Qxb6 axb6 28. Nb4 e3 29. Nxd5 e2 30. Rf2 Rc2 31. f4 Rxb2 32. f5 Rd8 33. fxg6 Rxd5 34. gxh7+ Kxh7 35. Rexe2 Rb3 36.
Rb2 Rdb5 1/2-1/2

[Event "Paul Keres Memorial Festival 2022"]
[Site "Pärnu, Estonia Resort Hotel & Spa"]
[Date "2022.07.21"]
[Round "7.7"]
[White "Paikens, Reinis"]
[Black "Hannson, Markus"]
[Result "1/2-1/2"]
[TimeControl "60 min for 30 moves + 30 min until game end, from first move every move 30 sec time increment"]
[WhiteFideId "11624078"]
[BlackFideId "4505620"]
[WhiteElo "1567"]
[BlackElo "1745"]

1. c4 e5 2. Nc3 Nf6 3. g3 Bb4 4. Bg2 O-O 5. Nf3 Bxc3 6. bxc3 Re8 7. O-O d6 8. Rb1 c6 9. d3 Nbd7 10.
e4 Qa5 11. Qc2 d5 12. cxd5 cxd5 13. exd5 Nxd5 14. Bd2 Qa6 15. Rfe1 N5f6 16. d4 exd4 17. Rxe8+ Nxe8 18. cxd4 Qg6 19.
Qb3 Nb6 20. d5 Nd6 21. Re1 Bd7 22. h4 Ba4 23. Qb4 Ndc4 24. Bf4 a5 25. Qe7 Nxd5 26. Qxb7 Qc6 27. Qxc6 Bxc6 28. Nd4 Bb7 29.
Rb1 Nxf4 30. Bxb7 Rd8 31. Nc6 Ne2+ 32. Kg2 Re8 33. Ba6 Nd6 34. Rd1 Ne4 35. Kf3 N4c3 36. Rd2 Nc1 37. Kg2 N1e2 38. Rd1 Ne4 39. Bxe2 Nc3 40.
Nxa5 Nxd1 41. Bxd1 Ra8
1/2-1/2

[Event "Paul Keres Memorial Festival 2022"]
[Site "Pärnu, Estonia Resort Hotel & Spa"]
[Date "2022.07.21"]
[Round "7.8"]
[White "Olde, Grete"]
[Black "Kokk, Karl Mattias"]
[Result "1/2-1/2"]
[TimeControl "60 min for 30 moves + 30 min until game end, from first move every move 30 sec time increment"]
[WhiteTitle "WCM"]
[WhiteFideId "4503104"]
[BlackFideId "4510674"]
[WhiteElo "1904"]
[BlackElo "1459"]

1. e4 c5 2. Nc3 d6 3. g3 Nc6 4. Bg2 g6 5. d3 Bg7 6. f4 e6 7. Nf3 Nge7 8. O-O O-O 9. Be3 Rb8 10.
d4 cxd4 11. Nxd4 d5 12. exd5 Nxd5 13. Nxd5 exd5 14. c3 Re8 15. Bf2 Nxd4 16. Bxd4 Bxd4+ 17. Qxd4 Re2 18. Bxd5 Bh3 19. Rf2 Qe7 20.
Rxe2 Qxe2 21. Qf2 Qd3 22. Bg2 Bxg2 23. Qxg2 Re8 24. Rf1 Re2 25. Qxb7 Qe3+ 26. Kh1 Re1 27. Rxe1 Qxe1+ 28. Kg2 Qe2+ 29.
Kh3 Qh5+ 30. Kg2 1/2-1/2

[Event "Paul Keres Memorial Festival 2022"]
[Site "Pärnu, Estonia Resort Hotel & Spa"]
[Date "2022.07.22"]
[Round "8.1"]
[White "Chukavin, Kirill"]
[Black "Kantans, Toms"]
[Result "0-1"]
[TimeControl "60 min for 30 moves + 30 min until game end, from first move every move 30 sec time increment"]
[WhiteTitle "FM"]
[BlackTitle "GM"]
[WhiteFideId "4503023"]
[BlackFideId "11602945"]
[WhiteElo "2418"]
[BlackElo "2486"]

1. e4 c5 2. Nf3 d6 3. d4 cxd4 4. Nxd4 Nf6 5. Nc3 a6 6. h3 e5 7. Nde2 h5 8. g3 Be7 9. Bg2 Be6 10.
a4 Nbd7 11. O-O Rc8 12. Be3 O-O 13. a5 Qc7 14. Qd2 Rfe8 15. Rfd1 Nc5 16. Bg5 Ncd7 17. Kh2 b5 18. axb6 Qxb6 19.
f4 Bc4 20. Ng1 exf4 21. gxf4 Bf8 22. Bh4 Bb5 23. Bf2 Qb8 24. Bd4 Bc6 25. Re1 Qb7 26. Qd3 Nc5 27. Bxc5 dxc5 28. Nd5 Bxd5 29.
exd5 Qb4 30. Ne2 c4 31. Qc3 Qb8 32. Qf3 Qxb2 33. Rxa6 Qxc2 34. Nd4 Qb2 35. Rxe8 Rxe8 36. Nf5 g6 37.
Ne3 Bh6 38. Nxc4 Qd4 39. Rc6 Bxf4+ 40. Kh1 Re1+ 41. Bf1 Ne4 42. Kg2 Ng3 0-1

[Event "Paul Keres Memorial Festival 2022"]
[Site "Pärnu, Estonia Resort Hotel & Spa"]
[Date "2022.07.22"]
[Round "8.3"]
[White "Protassov, Vlad"]
[Black "Sulskis, Sarunas"]
[Result "0-1"]
[TimeControl "60 min for 30 moves + 30 min until game end, from first move every move 30 sec time increment"]
[BlackTitle "GM"]
[WhiteFideId "4507010"]
[BlackFideId "12800112"]
[WhiteElo "1824"]
[BlackElo "2481"]

1. d4 d5 2. c4 c6 3. Nc3 Nf6 4. Nf3 e6 5. e3 Nbd7 6. Bd3 dxc4 7. Bxc4 b5 8. Bd3 Bb7 9. O-O a6 10.
Qe2 c5 11. b3 cxd4 12. exd4 Be7 13. Bb2 O-O 14. Rac1 Nb6 15. Ne4 Bxe4 16. Bxe4 Nxe4 17. Qxe4 Qd5 18. Qxd5 Nxd5 19. Ne5 Rfc8 20.
g3 Kf8 21. Kg2 Ke8 22. Kf3 a5 23. Rxc8+ Rxc8 24. Rc1 Ra8 25. a3 h5 26. h4 Bd6 27. Rc6 Ke7 28. Ke2 a4 29. b4 f6 30.
Nd3 Kd7 31. Rc1 Nb6 32. Nc5+ Ke7 33. Ne4 Nc4 34. Rc2 Kd7 35. Bc1 Rc8 36. Nc3 Nb6 37. Kd3 Nd5 38. Nxb5 Rxc2 39. Kxc2 Kc6 40.
Nxd6 Kxd6 41. Kd3 Kc6 42. f3 f5 43. Bf4 g6 44. Bg5 Nc7 45. Kc4 Nb5 46. Bc1 Nd6+ 47. Kd3 Kd5 48. Bb2 Nb5 49.
Ke3 Kc4 50. Kf4 Kb3 51. Bc1 Kc2 52. Ke5 Kxc1 53. Kxe6 Nxa3 54. d5 Nc4 55. d6 Nxd6 56. Kxd6 a3 57. b5 a2 0-1

[Event "Paul Keres Memorial Festival 2022"]
[Site "Pärnu, Estonia Resort Hotel & Spa"]
[Date "2022.07.22"]
[Round "8.4"]
[White "Olde, Margareth"]
[Black "Rezniks, Roberts"]
[Result "1-0"]
[TimeControl "60 min for 30 moves + 30 min until game end, from first move every move 30 sec time increment"]
[WhiteTitle "WIM"]
[WhiteFideId "4503082"]
[BlackFideId "11624884"]
[WhiteElo "2235"]
[BlackElo "1648"]

1. e4 c5 2. c4 d6 3. Ne2 Nf6 4. Nbc3 e5 5. g3 Nc6 6. Bg2 Be6 7. d3 Be7 8. O-O Qd7 9. Nd5 O-O-O 10. Qa4 h5 11. b4 Nxd5 12. exd5 Nxb4 13. Qxa7 Bh3 14. a3 Bxg2 15. Kxg2 Na6 16. h3 Qc7 17. Bd2 Kd7 18. Rab1 Rb8 19.
Rb6 Bd8 20. Ba5 1-0

[Event "Paul Keres Memorial Festival 2022"]
[Site "Pärnu, Estonia Resort Hotel & Spa"]
[Date "2022.07.22"]
[Round "8.6"]
[White "Olde, Karl Erik"]
[Black "Paikens, Reinis"]
[Result "0-1"]
[TimeControl "60 min for 30 moves + 30 min until game end, from first move every move 30 sec time increment"]
[WhiteFideId "4505760"]
[BlackFideId "11624078"]
[WhiteElo "1842"]
[BlackElo "1567"]

1. d4 d5 2. c4 c6 3. Nf3 Nf6 4. e3 g6 5. Nbd2 Bg7 6. Bd3 O-O 7. O-O Nbd7 8. b4 Qc7 9. Bb2 Ne8 10.
Rc1 Qd6 11. c5 Qc7 12. Re1 f5 13. a4 h6 14. Qc2 e5 15. Nxe5 Nxe5 16. dxe5 Bxe5 17. Bxe5 Qxe5 18. f3 Nf6 19.
e4 fxe4 20. fxe4 Qd4+ 21. Kh1 Ng4 22. Rf1 Rxf1+ 23. Rxf1 Nf2+ 24. Rxf2 Qxf2 25. exd5 Bf5 26. dxc6 Re8 27. Qc4+ Kf8 28.
Bf1 bxc6 29. Qc3 Kg8 30. Qf6 Re1 31. Qd8+ Kf7 32. Qc7+ Re7 33. Qd6 Be6 34. Qd3 Rd7 35. Qf3+ Qxf3 36.
Nxf3 Rd1 37. Kg1 Bd5 38. b5 Bxf3 39. gxf3 Rb1 40. Kf2 Ke7 41. Bd3 Rb2+ 42. Kg3 g5 43. h3 Rb4 44. bxc6 Kd8 45.
a5 Kc7 46. Be4 Ra4 47. Kg4 Rxa5 48. h4 Rxc5 49. hxg5 hxg5 50. Bf5 a5 51. Kxg5 a4 52. Kg6 Rxf5 0-1

[Event "Paul Keres Memorial Festival 2022"]
[Site "Pärnu, Estonia Resort Hotel & Spa"]
[Date "2022.07.22"]
[Round "8.7"]
[White "Agrest, Simon"]
[Black "Rondo, Mikko"]
[Result "0-1"]
[TimeControl "60 min for 30 moves + 30 min until game end, from first move every move 30 sec time increment"]
[BlackFideId "4509633"]
[WhiteElo "1802"]
[BlackElo "1579"]

1. e4 g6 2. d4 Bg7 3. c4 d6 4. Nf3 Nd7 5. Nc3 c5 6. d5 Ne5 7. Bf4 Bg4 8. Be2 Nxf3+ 9. gxf3 Bd7 10.
Bg3 Nf6 11. f4 Qa5 12. O-O h5 13. h4 Ng4 14. Qd3 O-O-O 15. a3 Kb8 16. f3 Nh6 17. Rfb1 Bxc3 18. bxc3 Ka8 19. Rb3 Qc7 20.
Rab1 Rb8 21. Bf1 f6 22. Kh2 Nf7 23. Qe3 Rhg8 24. Re1 g5 25. fxg5 fxg5 26. hxg5 Rxg5 27. Bh4 Rgg8 28. Bxe7 Ba4 29.
Rb2 Qxe7 30. f4 Qh4+ 31. Bh3 Bd7 32. Rf1 Nh6 33. Kh1 Qxh3+ 0-1

[Event "Paul Keres Memorial Festival 2022"]
[Site "Pärnu, Estonia Resort Hotel & Spa"]
[Date "2022.07.22"]
[Round "8.8"]
[White "Õim, Mikk Kaarel"]
[Black "Medar, Marti"]
[Result "0-1"]
[TimeControl "60 min for 30 moves + 30 min until game end, from first move every move 30 sec time increment"]
[WhiteFideId "4514815"]
[BlackFideId "4501870"]
[WhiteElo "1297"]
[BlackElo "2066"]

1. e4 e6 2. d4 b6 3. c4 Bb7 4. Bd3 d6 5. Nc3 Nd7 6. Nf3 g6 7. Be3 Bg7 8. Qd2 h6 9. d5 e5 10.
h3 Ne7 11. O-O f5 12. g3 Nf6 13. b4 Bc8 14. Kh2 Nh5 15. Rg1 f4 16. gxf4 Nxf4 17. Bxf4 exf4 18. e5 g5 19. e6 Bf6 20.
b5 a6 21. Be4 axb5 22. cxb5 Ra3 23. Rac1 Bb7 24. Nb1 Ra5 25. Nc3 Rg8 26. Nd4 h5 27. f3 Qa8 28. Nde2 Ra3 29. Kh1 Qa5 30.
Rgd1 Qa8 31. Rc2 Ra7 32. Rg1 Rf8 33. Rgc1 Qd8 34. Bh7 Rh8 35. Qd3 Ra3 36. Bg6+ Kf8 37. Be4 Be5 38. Qd2 Ra7 39.
Rg1 Ng8 40. Nd4 Qf6 41. Nce2 Ba8 42. Nf5 Nh6 43. Nxh6 Rxh6 44. Nc1 g4 45. Nd3 Bd4 46. Rg2 Be3 47. Qc3 Qh4 48. Qe1 g3 49.
Bf5 Bxd5 50. e7+ Qxe7 51. Qe2 Be6 0-1

[Event "Paul Keres Memorial Festival 2022"]
[Site "Pärnu, Estonia Resort Hotel & Spa"]
[Date "2022.07.22"]
[Round "9.1"]
[White "Kantans, Toms"]
[Black "Olde, Margareth"]
[Result "1-0"]
[TimeControl "60 min for 30 moves + 30 min until game end, from first move every move 30 sec time increment"]
[WhiteTitle "GM"]
[BlackTitle "WIM"]
[WhiteFideId "11602945"]
[BlackFideId "4503082"]
[WhiteElo "2486"]
[BlackElo "2235"]

1. e4 e5 2. Nf3 Nc6 3. Bb5 a6 4. Ba4 Nf6 5. O-O Be7 6. Re1 b5 7. Bb3 d6 8. c3 O-O 9. d4 Bg4 10.
Be3 exd4 11. cxd4 Na5 12. Bc2 Nc4 13. Bc1 c5 14. b3 Nb6 15. Nbd2 Bc8 16. Bb2 Bb7 17. Qe2 Re8 18. a4 cxd4 19.
axb5 axb5 20. Qxb5 Qc7 21. Nxd4 Nbd7 22. Rxa8 Rxa8 23. Nc4 Ne5 24. Nf5 Nxc4 25. Qxc4 Qxc4 26. bxc4 Kf8 27. e5 dxe5 28.
Nxe7 Ra2 29. Rb1 Kxe7 30. Bb3 Ra8 31. Bxe5 Ne4 32. Bc2 Ke6 33. Rxb7 Kxe5 34. Bxe4 Kxe4 35. f3+ Kd4 36. Rxf7 Rg8 37.
Rc7 h5 38. h4 g5 39. hxg5 Rxg5 40. Kf2 Ra5 41. c5 h4 42. Rh7 Ra2+ 43. Kg1 h3 44. Rxh3 Kxc5 45. Rh8 Kd5 46. Re8 1-0

[Event "Paul Keres Memorial Festival 2022"]
[Site "Pärnu, Estonia Resort Hotel & Spa"]
[Date "2022.07.22"]
[Round "9.2"]
[White "Sulskis, Sarunas"]
[Black "Maiorov, Nikita"]
[Result "1/2-1/2"]
[TimeControl "60 min for 30 moves + 30 min until game end, from first move every move 30 sec time increment"]
[WhiteTitle "GM"]
[BlackTitle "GM"]
[WhiteFideId "12800112"]
[BlackFideId "13501720"]
[WhiteElo "2481"]
[BlackElo "2474"]

1. e4 e5 2. Nf3 Nc6 3. Bb5 Nf6 4. d3 Bc5 5. Be3 Bxe3 6. fxe3 d6 7. O-O O-O 8. Bxc6 bxc6 9. Qe1 c5 10.
Nbd2 Rb8 11. b3 Ng4 12. h3 Nh6 13. d4 cxd4 14. exd4 f6 15. Qe3 Ra8 16. dxe5 dxe5 17. b4 Qe7 18.
Qc3 Nf7 19. Nb3 Nd6 20. a4 Nb7 21. a5 a6 22. Ne1 Be6 23. Nd3 Nd6 24. Ndc5 Nb5 25. Qe3 Bc4 26. Rfd1 Nd6 27. Nd2 Bf7 28.
c4 Qe8 29. Rdc1 Qc6 30. Kh2 Rfd8 31. Rab1 Qe8 32. Qe2 Kh8 33. Rc3 Qc6 34. Qe3 Qe8 35. Qe2 Qc6 36. Qe3 Qe8 37. Qf2 Qg8 38.
Qe2 Qe8 39. Rcc1 Qc6 40. Qe3 Qe8 41. Qe2 Qc6 42. Qe3 1/2-1/2

[Event "Paul Keres Memorial Festival 2022"]
[Site "Pärnu, Estonia Resort Hotel & Spa"]
[Date "2022.07.22"]
[Round "9.3"]
[White "Smirnov, Artem"]
[Black "Rondo, Mikko"]
[Result "1-0"]
[TimeControl "60 min for 30 moves + 30 min until game end, from first move every move 30 sec time increment"]
[WhiteTitle "IM"]
[WhiteFideId "4143256"]
[BlackFideId "4509633"]
[WhiteElo "2419"]
[BlackElo "1579"]

1. d4 Nf6 2. c4 e6 3. Nc3 d5 4. cxd5 exd5 5. Bg5 Be7 6. e3 h6 7. Bh4 c6 8. Bd3 Ne4 9. Bg3 Nxg3 10.
hxg3 Bb4 11. Nge2 Nd7 12. a3 Bxc3+ 13. bxc3 Nf6 14. Qc2 Qe7 15. c4 dxc4 16. Bxc4 Be6 17. Bxe6 Qxe6 18. Nf4 Qe7 19.
Qb3 Qd7 20. Rb1 b6 21. O-O O-O 22. Rfd1 Rfd8 23. Rbc1 Rac8 24. f3 Nd5 25. Ne2 Ne7 26. e4 Qe6 27. Qb2 g5 28. g4 Qd6 29.
Kf2 Qf6 30. Qb3 c5 31. d5 Ng6 32. Ng3 Nf4 33. Nf5 h5 34. gxh5 Kh7 35. Qc3 Qxc3 36. Rxc3 Rd7 37. g3 Ne6 38.
e5 Nc7 39. d6 Ne6 40. Ne7 Rb8 41. Nd5 Rdd8 42. f4 g4 43. Ke3 b5 44. f5 Nd4 45. Rxd4 cxd4+ 46. Kxd4 1-0